 Dungeon Crawl Stone Soup version 0.28.0-49-g6dfe1f597d (webtiles) character file.

Game seed: 9405184131080272229

38 CryoSword the Conjurer (level 3, 0/26 HPs)
             Began as a Draconian Conjurer on May 13, 2022.
             Succumbed to a gnoll's poison
             ... on level 2 of the Dungeon.
             The game lasted 00:02:33 (1478 turns).

CryoSword the Conjurer (Draconian Conjurer)         Turns: 1478, Time: 00:02:33

Health: 0/26       AC:  6    Str:  9    XL:     3   Next: 25%
Magic:  1/6        EV: 12    Int: 20    God:
Gold:   32         SH:  0    Dex:  9    Spells: 3/6 levels left

rFire   . . .      SeeInvis .   (no weapon)
rCold   . . .      Faith    .   (no shield)
rNeg    . . .      Spirit   .   (armour unavailable)
rPois   .          Reflect  .   (helmet restricted)
rElec   .          Harm     .   c - +0 cloak
rCorr   .          Rampage  .   (no gloves)
Will    .....                   (no boots)
Stlth   ++........              (no amulet)
HPRegen 0.08/turn               (no ring)
MPRegen 0.10/turn               (no ring)

@: lethally poisoned (0 -> -5)
A: AC +5, unfitting armour, cold-blooded
a: no special abilities


You were on level 2 of the Dungeon.
You visited 1 branch of the dungeon, and saw 2 of its levels.

You collected 32 gold pieces.

Inventory:

Missiles
 d - 13 poisoned darts (quivered)
Armour
 c - a +0 cloak (worn)
   (You found it on level 1 of the Dungeon)
Scrolls
 b - a scroll of fear {unknown}
 g - a scroll of vulnerability {unknown}
Potions
 a - a potion of resistance
 f - a potion of brilliance
 h - a potion of flight


   Skills:
 + Level 0.2 Fighting
 + Level 1.8 Dodging
 + Level 1.8 Stealth
 + Level 2.0 Spellcasting
 * Level 5.0 Conjurations


You had 3 spell levels left.
You knew the following spells:

 Your Spells              Type           Power      Damage    Failure   Level
a - Magic Dart            Conj           88%        1d7       1%          1
b - Searing Ray           Conj           44%        2d6       3%          2

Your spell library contained the following spells:

 Spells                   Type           Power      Damage    Failure   Level
 Dazzling Flash           Conj/Hex       24%        N/A       17%         3
 Fulminant Prism          Conj/Hex       6%         3d7       50%         4
 Iskenderun's Mystic Bla  Conj/Tloc      12%        2d5       50%         4


Dungeon Overview and Level Annotations

Branches:
Dungeon (2/15)

Altars:

Annotations:
D:2 Sigmund


Innate Abilities, Weirdness & Mutations

Your plain brown scales are hard. (AC +5)
You cannot fit into any form of body armour.
You are cold-blooded and may be slowed by cold attacks.


Message History

You closely miss the rat. The rat bites you.
You hit the rat but do no damage. The rat barely misses you.
You closely miss the rat.
Your tail-slap misses the rat.
The rat completely misses you.
You barely miss the rat. The rat barely misses you.
Aim: a rat (moderately wounded, 100% to hit)
The magic dart hits the rat.
You kill the rat!
Okay, then.
You see here a rat corpse.
d - 14 poisoned darts (gained 6) Could not explore, unopened door.
Could not explore, unopened door.
You open the door.
Could not explore, unopened door.
Could not explore, unopened door.
You open the door.
A quokka comes into view.
A quokka is nearby!
A quokka is nearby!
Aim: a quokka (asleep, 100% to hit)
The magic dart hits the quokka.
You kill the quokka!
Could not explore, unopened door.
Could not explore, unopened door.
You open the door.
There is an open door here.
Found 12 arrows.
You see here 12 arrows.
Could not explore, unopened door.
You open the door.
There is an open door here.
Could not explore, unopened door.
Could not explore, unopened door.
You open the door.
Could not explore, unopened door.
Could not explore, unopened door.
You open the door.
There is an open door here.
g - a scroll labelled SEACAD APRA
There is an open door here.
Could not explore, unopened door.
You open the door.
Found a potion of flight.
There is an open door here.
h - a potion of flight Sigmund and an endoplasm come into view.
Sigmund shouts!
Sigmund says, "Your kind have come here before.
I understand now why.
You desire death..."
Sigmund points at you and mumbles some strange words.
You resist with significant effort.
There is an open door here.
You close the door.
There is an open door here.
You see here 12 arrows.
There's nothing to close nearby.
You see here a rat corpse.
There is a stone staircase leading up here.
Found a stone staircase leading down.
Unknown command.
As you read the scroll labelled UVABLISM LEMN, it crumbles to dust.
It is a scroll of identify.
f - a potion of brilliance
As you read the scroll of identify {@r1}, it crumbles to dust.
a - a potion of resistance A gnoll and an endoplasm come into view.
The gnoll shouts!
The endoplasm quivers.
There are monsters nearby!
Aim: an endoplasm (100% to hit)
The magic dart hits the endoplasm.
Aim: an endoplasm (severely wounded, 100% to hit)
The magic dart hits the endoplasm.
You kill the endoplasm!
You have reached level 3!
Your experience leads to an increase in your attributes!
Increase (S)trength, (I)ntelligence, or (D)exterity?
You feel clever. x2; Your scales feel tougher.
Aim: a gnoll, wielding a +0 mace (100% to hit)
The magic dart hits the gnoll but does no damage.
Aim: a gnoll, wielding a +0 mace (100% to hit)
The magic dart hits the gnoll!
The gnoll misses you.
Aim: a gnoll, wielding a +0 mace (heavily wounded, 100% to hit)
The magic dart hits the gnoll but does no damage.
The gnoll hits you with a +0 mace.
You don't have enough magic to cast this spell.
Unknown command.
Aim: a gnoll, wielding a +0 mace (heavily wounded, 81% to hit)
The searing ray hits the gnoll!
You kill the gnoll! (Press . to maintain the ray.)
Your Conjurations skill increases to level 5!
You start resting.
You now have 32 gold pieces (gained 11).
Things that are here:
a +0 mace; a gnoll corpse A gnoll is nearby!
A gnoll is nearby!
A gnoll is nearby!
Aim: a gnoll, wielding a +0 halberd and quivering poisoned darts (wandering, hasn't noticed you, 100% to hit)
The magic dart hits the gnoll but does no damage.
Aim: a gnoll, wielding a +0 halberd and quivering poisoned darts (100% to hit)
The magic dart hits the gnoll.
Aim: a gnoll, wielding a +0 halberd and quivering poisoned darts (lightly wounded, 100% to hit)
The magic dart hits the gnoll.
The gnoll throws a poisoned dart.
The poisoned dart hits you!
You are poisoned.
Okay, then.
Aim: a gnoll, wielding a +0 halberd and quivering poisoned darts (moderately wounded, 100% to hit)
The magic dart hits the gnoll but does no damage.
You feel very sick.
Aim: a gnoll, wielding a +0 halberd and quivering poisoned darts (moderately wounded, 81% to hit)
The searing ray hits the gnoll. (Press . to maintain the ray.)
You feel sick.
Without enough magic to sustain it, your searing ray dissipates.
You feel sick.
You don't have enough magic to cast this spell.
Unknown command.
You feel sick.
The gnoll throws a poisoned dart.
The poisoned dart barely misses you.
You feel sick.
You feel sick.
You feel sick.
You feel sick.
You are no longer poisoned.
The gnoll throws a poisoned dart.
The poisoned dart hits you!
You are poisoned.
Aim: a gnoll, wielding a +0 halberd and quivering poisoned darts (almost dead, 100% to hit)
The magic dart hits the gnoll.
You feel sick.
Throw: 14 darts (poison)
Aim: a gnoll, wielding a +0 halberd and quivering poisoned darts (almost dead, 56% to hit)
You throw a poisoned dart.
The poisoned dart barely misses the gnoll.
You feel sick.
The gnoll throws a poisoned dart.
The poisoned dart hits you!
You are lethally poisoned!
Okay, then.
* * * LOW HITPOINT WARNING * * *
You feel very sick. The gnoll completely misses you.
* * * LOW HITPOINT WARNING * * *
You feel sick. The gnoll closely misses you.
* * * LOW HITPOINT WARNING * * *
You feel sick. The gnoll misses you.
* * * LOW HITPOINT WARNING * * *
You feel sick. The gnoll barely misses you.
* * * LOW HITPOINT WARNING * * *
You feel sick. The gnoll barely misses you.
Found a +0 spear.
You die...

### ##.# #.....#
..##########.####.....#
..'...................#####
..###########'###.........#
..# #....###...####...# ..#
#....##..##....# .. ..#
#####.......#........# ..#
#..........#.# .....#. ..#
#........g@#..#....#.. ..#
#.........#....#[[#... ..#
#.........#.....##.... ..#
#.........#.....# .... ..#
#.....^...#....#.. ..#
#....####..#..#... ..#
#..........#.#.....
..#####...........#.)...
.......##..........#


You could see a gnoll.

Vanquished Creatures
  A gnoll (D:2)
  5 endoplasms
  A giant cockroach (D:1)
  A goblin (D:1)
  3 hobgoblins (D:1)
  A kobold (D:1)
  4 quokkas
  4 ball pythons
  2 frilled lizards (D:1)
  3 rats
25 creatures vanquished.

Notes
Turn   | Place    | Note
-------+----------+-------------------------------------------
     0 | D:1      | CryoSword the Draconian Conjurer began the quest for the
                  | Orb.
     0 | D:1      | Reached XP level 1. HP: 14/14 MP: 3/3
   270 | D:1      | Reached XP level 2. HP: 20/20 MP: 0/5
   959 | D:1      | Found a faded altar of an unknown god.
  1060 | D:2      | Learned a level 2 spell: Searing Ray
  1230 | D:2      | Noticed Sigmund
  1340 | D:2      | Reached XP level 3. HP: 26/26 MP: 3/6
  1362 | D:2      | Reached skill level 5 in Conjurations
  1477 | D:2      | HP: 1/26 [poisoned by a gnoll]
  1478 | D:2      | Succumbed to a gnoll's poison

Illustrated notes

Levels and vault maps discovered:
D:1:      dpeg_arrival_boxes_within_box, layout_basic,
          nicolae_ecumenical_lake_church
D:2:      layout_basic, serial_shops, shop, minmay_circled_x, uniq_sigmund,
          uniq_robin

Skill      XL: |  1  2  3 |
---------------+----------+-----
Conjurations   | 5 |  5.0
Fighting       | |  0.2
Dodging        | |  1.8
Stealth        | |  1.8
Spellcasting   | |  2.0

Action                   || total
-------------------------++-------
Melee: Unarmed           ||     9
       Tailslap          ||     3
Throw: Dart              ||     1
 Cast: Magic Dart        ||    52
       Searing Ray       ||     2
  Use: Potion            ||     1
       Scroll            ||     2
 Stab: Sleeping          ||     1
Armor: Skin              ||     4
Dodge: Dodged            ||    20
